 Dungeon Crawl Stone Soup version 0.29.1-2-gbd0b4ee654 (webtiles) character file.

Game seed: 11410604672994910437

10078 unlimited1921 the Thaumaturge (level 11, -8/67 HPs)
             Began as a Djinni Fire Elementalist on Oct 31, 2022.
             Was an Initiate of Ashenzari.
             Mangled by a wolf (13 damage)
             ... on level 11 of the Dungeon.
             The game lasted 01:51:14 (23569 turns).

unlimited1921 the Thaumaturge (DjFE)               Turns: 23569, Time: 01:51:14

Health: -8/67      AC: 17    Str:  7    XL:     11   Next: 86%
Gold:   2299       EV: 11    Int: 33    God:    Ashenzari [......] SH:  9 Dex: 14

rFire   + + +      SeeInvis +   M - +6 hammer "Ehoerrei" {protect, MP+9 Int+2 Stlth+}
rCold   x . .      Faith    .   N - +0 kite shield
rNeg    + . .      Spirit   .   G - +3 leather armour
rPois   ∞          Reflect  .   U - +0 mask of the Dragon {Will+ Slay+3 SInv}
rElec   .          Harm     .   d - +2 cloak
rCorr   .          Rampage  .   e - +2 pair of gloves
Will    ++...                   (boots unavailable)
Stlth   ++++......              (no amulet)
HPRegen 0.21/turn               h - +4 ring of protection
MPRegen 0.00/turn               V - ring "Xocyogy" {rF+ rN+ Int+10 Slay-4}

@: about to teleport, flying
A: sickness immunity, fire resistance 2, cold vulnerability 1, float, innate
caster, HP casting, extra vitality 1
a: Renounce Religion


You were on level 11 of the Dungeon.
You worshipped Ashenzari.
Ashenzari was noncommittal.
You visited 2 branches of the dungeon, and saw 12 of its levels.
You also visited: Ossuary.

You collected 2345 gold pieces.
You paid 46 gold pieces to Gozag.

Inventory:

Hand Weapons
 i - the +8 trident of the Solstice {vorpal, rPois rN++ Str+4}
   (You took it off a centaur on level 8 of the Dungeon)

   It inflicts extra damage upon your enemies.
   Str:       It affects your strength (+4).
   rPois:     It protects you from poison.
   rN:        It greatly protects you from negative energy.
 t - a +2 hand axe of flaming
 A - a +2 dire flail of draining
 M - the +6 hammer "Ehoerrei" (weapon) {protect, MP+9 Int+2 Stlth+}
   (You found it on level 7 of the Dungeon)

   It grants its wielder temporary protection when it strikes (+7 to AC).
   Int:       It affects your intelligence (+2).
   MP:        It affects your magic capacity (+9).
   Stlth:     It makes you more stealthy.
 P - a +0 dagger
Missiles
 b - 7 boomerangs of dispersal
 B - 3 silver boomerangs
Armour
 d - a +2 cloak (worn)
 e - a +2 pair of gloves (worn)
 C - a +0 ring mail of fire resistance
 G - a +3 leather armour (worn)
 K - the +2 ratskin cloak {*Rats rPois rN+ Str-1 Int-1 Dex+1}
   (You found it on level 6 of the Dungeon)

   When the wearer is hurt, rats may emerge from it to assist them.
   Str:       It affects your strength (-1).
   Int:       It affects your intelligence (-1).
   Dex:       It affects your dexterity (+1).
   rPois:     It protects you from poison.
   rN:        It protects you from negative energy.
 N - a +0 kite shield (worn)
 U - the +0 mask of the Dragon (worn) {Will+ Slay+3 SInv}
   (You found it on level 10 of the Dungeon)

   Slay:      It affects your accuracy & damage with ranged weapons and melee
   (+3).
   SInv:      It lets you see invisible.
   Will:      It increases your willpower.
Jewellery
 g - a +6 ring of strength
 h - a +4 ring of protection (left hand)
 k - a ring of resist corrosion
 q - a +4 ring of protection
 r - a ring of see invisible
 s - a +4 ring of slaying
 x - an amulet of faith
 z - a ring of ice
 Q - a ring of fire
 V - the ring "Xocyogy" (right hand) {rF+ rN+ Int+10 Slay-4}
   (You found it on level 10 of the Dungeon)

   [ring of protection from fire]

   Int:       It affects your intelligence (+10).
   Slay:      It affects your accuracy & damage with ranged weapons and melee
   (-4).
   rF:        It protects you from fire.
   rN:        It protects you from negative energy.
Wands
 v - a wand of flame (12)
 w - a wand of acid (6)
 F - a wand of iceblast (15) (quivered)
 H - a wand of polymorph (11)
 J - a wand of charming (6)
Scrolls
 a - 3 scrolls of enchant weapon
 f - a scroll of identify
 o - 2 scrolls of brand weapon
 u - 2 scrolls of enchant armour
 D - 2 scrolls of immolation
 E - a scroll of poison
 I - 3 scrolls of teleportation
 L - 3 scrolls of butterflies
 O - a scroll of blinking
Potions
 c - 3 potions of lignification
 j - 2 potions of heal wounds
 l - 4 potions of might
 m - 6 potions of curing
 n - a potion of cancellation {unknown}
 p - a potion of ambrosia
 S - a potion of mutation
 T - 3 potions of brilliance {unknown}
 W - a potion of haste {unknown}


   Skills:
 + Level 1.2 Fighting
 + Level 0.5 Short Blades
 + Level 0.2 Maces & Flails
 + Level 4.9 Armour
 + Level 4.6 Dodging
 * Level 5.5 Stealth
 * Level 3.4 Shields
 + Level 11.9 Spellcasting
 + Level 1.1 Evocations


You had 5 spell levels left.
You knew the following spells:

 Your Spells              Type           Power      Damage    Failure   Level
a - Foxfire               Conj/Fire      100%       2x1d9     1%          1
b - Scorch                Fire           100%       2d10      1%          2
c - Conjure Flame         Conj/Fire      78%        6-21      1%          3
d - Inner Flame           Hex/Fire       78%        N/A       1%          3
e - Flame Wave            Conj/Fire      78%        2d17      1%          4
f - Shock                 Conj/Air       100%       1d9       1%          1
g - Wereblood             Tmut           78%        N/A       1%          2
h - Tukima's Dance        Hex            78%        N/A       1%          3
i - Passage of Golubria   Tloc           78%        N/A       1%          4
j - Iskenderun's Battles  Conj           78%        2d13      2%          5
Your spell library was empty.

Dungeon Overview and Level Annotations

Branches:
Dungeon (11/15)            Temple (1/1) D:4             Orc (0/2) D:11
Ossuary (visited)
   Lair: D:8-11

Altars:
Ashenzari
Cheibriados
Dithmenos
Elyvilon
Gozag
Hepliaklqana
Makhleb
Nemelex Xobeh
Okawaru
Ru
Trog
Uskayaw
Wu Jian
Xom
Yredelemnul
Zin
The Shining One


Innate Abilities, Weirdness & Mutations

You are immune to sickness and miasma.
You are immune to poison.
Your flesh is very heat resistant. (rF++)
You are vulnerable to cold. (rC-)
You float through the air rather than walking.
You learn spells naturally, not from books.
Your magical power is your life essence.
You have superior vitality. (+4 MHP)


Message History

The hound bites your battlesphere.
Your battlesphere is destroyed!
The wolf barely misses you.
The troll rages.
A hound comes into view.
The wolf barely misses you.
The hound barks!
Aiming: Iceblast
Press: ? - help, Q - select action, (/) - cycle Shift-Dir - straight line The mass of ice explodes!
The iceblast engulfs the hound!
You kill the hound!
The wolf barely misses you. The wolf closely misses you. The wolf bites you.
* * * LOW HITPOINT WARNING * * *
You block the wolf's attack. The kobold attacks as you move away!
You block the kobold's attack. The wolf closely misses you.
Casting: Flame Wave (dangerous; 1% risk of failure)
Confirm with . or Enter, or press ? or * to list all spells.
Casting: Flame Wave (dangerous; 1% risk of failure)
Press: ? - help, Dir - look around, f - activate Look: a troll (berserk, incited by Gozag)
Okay, then.
As you read the scroll of fear, it crumbles to dust.
You assume a fearsome visage.
The hound looks frightened!
The troll is unaffected.
The hound looks frightened!
The wolf is unaffected.
The kobold brigand looks frightened!
The kobold looks frightened!
You block the wolf's attack. The wolf bites you.
* * * LOW HITPOINT WARNING * * *
The wolf barely misses you.
As you read the scroll of teleportation, it crumbles to dust.
You feel strangely unstable. The wolf bites you.
* * * LOW HITPOINT WARNING * * *
You block the wolf's attack. The wolf bites you.
* * * LOW HITPOINT WARNING * * *
Blink to where?
Press: ? - help, Dir - move target
Okay, then.
The wolf attacks as you move away! The wolf bites you!
You die...

##########..#...8#)...
............[....#)...
######.#####.>.))))_.
#...:......#)...
#.#####..)8#....
###....##.#.######
#...........#####. ##########
#.#.####..#.......
#........######@......#......###
#......$.†....hT...##.#.#.##....
#.........K.†.........#.#.#####.
#.........h.K......####.#.# #.
#.)...†..#######.#.... #.# #.
#....)..).# #.###..# #.# #.
#.....)~~~~≈ ... ... #.. ...
#.......~≈≈≈≈ ...~ .. #.......
#)...~.T≈≈≈≈≈≈ ..~. #####.


You could see a troll (berserk, incited), a kobold brigand (fleeing), a wolf
(berserk, incited), a hound (fleeing) and a kobold (fleeing).

Vanquished Creatures
  Gastronok (D:9)
  A two-headed ogre (D:6)
  An unseen horror (D:10)
  The ghost of safid the Skirmisher, a novice MiHu (D:5)
  An ice statue (D:10)
  2 hornets
  A shadow (D:8)
  4 dancing weapons
  A wyvern (D:7)
  5 yaks (D:8)
  A fire bat (D:8)
  2 steam dragons
  Edmund (D:4)
  2 acid dragons
  Duvessa (D:4)
  2 water moccasins
  5 orc warriors
  4 ice beasts
  2 ogres
  2 black bears (D:6)
  A wolf (D:11)
  3 centaurs
  2 phantoms (D:5)
  5 kobold brigands
  2 necrophages (D:6)
  3 scorpions
  2 gnoll sergeants
  3 wights (D:7)
  Dowan (D:4)
  8 killer bees
  3 electric eels (D:10)
  A crimson imp (D:7)
  9 hounds
  2 human zombies (Ossuary)
  2 jellies
  Crazy Yiuf (D:7)
  A gnoll bouda (D:6)
  5 orc priests
  5 iguanas
  An iron imp (D:4)
  16 orc wizards
  3 hell rats (D:6)
  A bullfrog simulacrum (D:5)
  A centaur simulacrum (D:5)
  2 mummies (Ossuary)
  2 scorpion simulacra (D:5)
  A killer bee simulacrum (D:5)
  9 gnolls
  9 adders
  15 river rats (D:6)
  4 white imps
  A howler monkey simulacrum (D:5)
  3 adder zombies (Ossuary)
  A worm (D:3)
  4 dart slugs
  62 orcs
  6 ball pythons
  8 endoplasms
  3 giant cockroaches
  9 goblins
  11 hobgoblins
  4 quokkas
  6 bats
  2 frilled lizards
  2 goblin zombies (Ossuary)
  6 hobgoblin zombies (Ossuary)
  A jackal zombie (Ossuary)
  36 kobolds
  8 kobold zombies (Ossuary)
  12 orc zombies (Ossuary)
  6 rats
  2 rat zombies (Ossuary)
356 creatures vanquished.

Vanquished Creatures (collateral kills)
  A centaur (D:8)
  A kobold (D:9)
2 creatures vanquished.

Vanquished Creatures (others)
  A quokka (D:6)
  650 foxfires
  A plant (D:2)
652 creatures vanquished.

Grand Total: 1010 creatures vanquished

Notes
Turn   | Place    | Note
-------+----------+-------------------------------------------
     0 | D:1      | unlimited1921 the Djinni Fire Elementalist began the quest
                  | for the Orb.
     0 | D:1      | unlimited1921 set off with the following spells memorised:
                  | Foxfire, Scorch, Conjure Flame, Inner Flame, Flame Wave.
     0 | D:1      | Reached XP level 1. HP: 15/15 MP: 0/0
   237 | D:1      | Reached XP level 2. HP: 17/21 MP: 0/0
   498 | D:1      | Reached skill level 3 in Spellcasting
   618 | D:1      | Reached XP level 3. HP: 22/25 MP: 0/0
   618 | D:1      | Learned a level 1 spell: Shock
  1051 | D:1      | Found a faded altar of an unknown god.
  3151 | D:2      | Reached XP level 4. HP: 29/31 MP: 0/0
  3489 | D:3      | Found an iron altar of Okawaru.
  4115 | D:3      | Noticed a scorpion
  4121 | D:3      | Killed a scorpion
  4122 | D:3      | Reached skill level 4 in Spellcasting
  4122 | D:3      | Reached XP level 5. HP: 15/35 MP: 0/0
  4122 | D:3      | Learned a level 2 spell: Wereblood
  6149 | D:4      | Found a snail-covered altar of Cheibriados.
  6154 | D:4      | Noticed Edmund
  6180 | D:4      | Found a staircase to the Ecumenical Temple.
  6409 | D:4      | Reached XP level 6. HP: 27/40 MP: 0/0
  6585 | Temple   | Entered the Ecumenical Temple
  6595 | Temple   | Became a worshipper of Gozag Ym Sagoz the Greedy
  6784 | D:4      | Killed Edmund
  6785 | D:4      | Reached skill level 5 in Spellcasting
  6807 | D:4      | Noticed Duvessa
  6811 | D:4      | Killed Duvessa
  6812 | D:4      | Reached XP level 7. HP: 26/45 MP: 0/0
  6812 | D:4      | Learned a level 3 spell: Tukima's Dance
  6880 | D:4      | Noticed Dowan
  6884 | D:4      | Killed Dowan
  8761 | D:5      | Entered Level 5 of the Dungeon
  9367 | D:5      | Reached skill level 6 in Spellcasting
  9372 | D:5      | Reached skill level 1 in Armour
  9372 | D:5      | Reached XP level 8. HP: 18/51 MP: 0/0
 10097 | D:5      | Found a runed translucent gate.
 10097 | D:5      | Found a runed translucent gate.
 10097 | D:5      | Found a runed translucent gate.
 10157 | D:5      | Found a shimmering altar of Xom.
 10159 | D:5      | Found a hazy altar of Hepliaklqana.
 10161 | D:5      | Noticed a spectral ugly thing
 10378 | D:5      | Found a shadowy altar of Dithmenos.
 11033 | D:5      | Noticed safid's ghost (novice MiHu)
 11292 | D:6      | Reached skill level 7 in Spellcasting
 11647 | D:6      | Noticed a two-headed ogre
 11655 | D:6      | Killed a two-headed ogre
 11656 | D:6      | Reached skill level 8 in Spellcasting
 11656 | D:6      | Reached XP level 9. HP: 35/56 MP: 0/0
 11656 | D:6      | Learned a level 4 spell: Passage of Golubria
 12125 | D:6      | Reached XP level 10. HP: 52/61 MP: 0/0
 12465 | D:6      | Reached skill level 9 in Spellcasting
 12576 | D:6      | Found a white marble altar of Elyvilon.
 13658 | D:6      | Reached skill level 1 in Fighting
 13933 | D:6      | Found the +2 ratskin cloak {*Rats rPois rN+ Str-1 Int-1
                  | Dex+1}
 14205 | D:7      | Found a basalt altar of Yredelemnul.
 14305 | D:7      | Found a burning altar of Makhleb.
 14650 | D:7      | Found a runed translucent door.
 14651 | D:7      | Noticed Crazy Yiuf
 14657 | D:7      | Killed Crazy Yiuf
 14715 | D:7      | Identified the +6 hammer "Ehoerrei" {protect, MP+9 Int+2
                  | Stlth+}
 15219 | D:7      | Noticed Maggie
 15220 | D:7      | Noticed Maggie
 15220 | D:7      | Maggie changed into Maggie the water moccasin
 15223 | D:7      | Killed Maggie the water moccasin
 15224 | D:7      | Reached skill level 10 in Spellcasting
 16144 | D:5      | Killed safid's ghost
 16145 | D:5      | Reached skill level 1 in Evocations
 16466 | D:8      | Found a sand-covered staircase.
 16480 | Ossuary  | Entered an ossuary
 17408 | D:9      | Noticed Gastronok
 17906 | D:8      | Identified the +8 trident of the Solstice {vorpal, rPois
                  | rN++ Str+4}
 17911 | D:8      | Reached skill level 1 in Shields
 18031 | D:8      | Reached XP level 11. HP: 48/67 MP: 0/0
 18031 | D:8      | Learned a level 5 spell: Iskenderun's Battlesphere
 19047 | D:8      | Found a hide-covered altar of Uskayaw.
 19049 | D:8      | Found a sacrificial altar of Ru.
 19127 | D:9      | Reached skill level 11 in Spellcasting
 19268 | D:9      | Killed a +0 dagger
 19269 | D:9      | Killed a +0 dagger
 20456 | D:9      | Found a broken altar of Ashenzari.
 20459 | D:9      | Fell from the grace of Gozag
 20459 | D:9      | Became a worshipper of Ashenzari the Shackled
 20529 | D:9      | Found a glowing golden altar of the Shining One.
 20723 | D:9      | Killed Gastronok
 20724 | D:9      | Reached skill level 5 in Stealth
 21266 | D:9      | Found an ornate altar of the Wu Jian Council.
 21649 | D:10     | Entered Level 10 of the Dungeon
 21952 | D:10     | Identified the +10 short sword of the Dove {vorpal, rC+
                  | Str+6}
 22370 | D:10     | Found the +0 mask of the Dragon {Will+ Slay+3 SInv}
 22689 | D:10     | Identified the ring "Xocyogy" {rF+ rN+ Int+10 Slay-4}
 23406 | D:11     | Found a staircase to the Orcish Mines.
 23569 | D:11     | Mangled by a wolf

Illustrated notes

Levels and vault maps discovered:
D:1:      shiori_arrival_elements, layout_rooms,
          chequers_ecumenical_altar_simple
D:2:      layout_basic, serial_park_tiny_1, minmay_misc_feat_rugged,
          corexii_shack
D:3:      layout_basic, okawaru_altar_gauntlet_db, minivault_27
D:4:      layout_basic, slow_altar_1, minmay_temple_entry_glassed_door,
          uniq_edmund, uniq_duvessa
D:5:      layout_cave_pools, regret_index_temple_of_mockery,
          nicolae_dithmenos_through_a_glass_darkly, gammafunk_ghost_icy
D:6:      wander_guarded_unrand_ratskin, layout_rooms, elyvilon_altar_4,
          minmay_joined_circles
D:7:      layout_loops_ring, grunt_temple_overflow_lords_of_destruction,
          amcnicky_altar_gilded, uniq_maggie, uniq_crazy_yiuf_cottage
D:8:      layout_loops_corners, nicolae_overflow_squiral,
          lightli_ossuary_entry_decrepit_ruins
D:9:      layout_basic, nzn_wu_jian_council_hall, kennysheep_mini,
          old_standard_altar, uniq_gastronok
D:10:     statuecave_lemuel, layout_stronghold, hangedman_decor_peaks_small,
          hangedman_decor_slide_cut
D:11:     layout_basic, erik_lair_island, minmay_orc_entry_temple_small
Temple:   nicolae_temple_two_arcs

Skill      XL: |  1  2  3  4  5  6  7  8  9 10 11 |
---------------+----------------------------------+-----
Spellcasting   | 3 4 5 6 8 10 11 | 11.9
Stealth        | 2 3 4 5 |  5.5
Dodging        | 3 4 |  4.6
Armour         | 1 4 |  4.9
Fighting       | 1 |  1.2
Evocations     | 1 |  1.1
Shields        | 1 3 |  3.4
Short Blades   | |  0.5
Maces & Flails | |  0.2

Action                   |  1- 3 |  4- 6 |  7- 9 | 10-12 || total
-------------------------+-------+-------+-------+-------++-------
Melee: Unarmed           |       |     4 |       |       ||     4
       Rapier            |       |       |     5 |    20 ||    25
       Mace              |       |       |       |     8 ||     8
 Cast: Foxfire           |    72 |    56 |   116 |   149 ||   393
       Scorch            |     6 |    35 |    37 |   125 ||   203
       Inner Flame       |       |    10 |     9 |   115 ||   134
       Shock             |       |     5 |     3 |     5 ||    13
       Tukima's Dance    |       |       |     3 |    17 ||    20
       Conjure Flame     |       |       |     1 |     6 ||     7
       Iskenderun's Batt |       |       |       |    19 ||    19
       Flame Wave        |       |       |       |     9 ||     9
Invok: Curse Item        |       |       |       |     1 ||     1
       Shatter the Chain |       |       |       |     1 ||     1
Evoke: Wand              |       |       |     3 |    16 ||    19
  Use: Scroll            |     3 |     2 |       |    15 ||    20
       Potion            |       |       |       |    11 ||    11
 Stab: Sleeping          |       |       |       |     1 ||     1
Armor: Robe              |     2 |    23 |       |       ||    25
       Ring mail         |       |       |    18 |       ||    18
       Leather armour    |       |       |     5 |    54 ||    59
Dodge: Dodged            |     2 |    31 |    23 |    74 ||   130
Block: Kite shield       |       |       |       |    43 ||    43
